 Dungeon Crawl Stone Soup version 0.30.1-9-gdf580d7c3d (webtiles) character file.

Game seed: 844516036103887894

5241 Atelerd the Covert (level 10, -1/60 HPs)
             Began as an Octopode Earth Elementalist on Sept 25, 2023.
             Was a Follower of Sif Muna.
             Shot with an arrow by a centaur (4 damage)
             ... on level 10 of the Dungeon.
             The game lasted 00:22:31 (11488 turns).

Atelerd the Covert (Octopode Earth Elementalist)   Turns: 11488, Time: 00:22:32

Health: -1/60      AC:  1    Str: 11    XL:     10   Next: 62%
Magic:  22/23      EV: 14    Int: 18    God:    Sif Muna [*.....]
Gold:   145        SH:  0    Dex: 15    Spells: 20/27 levels left

rFire   + . .        B - +2 dagger (venom)
rCold   . . .        (no shield)
rNeg    . . .        (helmet restricted)
rPois   .            y - amulet of the acrobat
rElec   .            f - ring of protection from fire
rCorr   +            D - ring of resist corrosion
SInv    .            (no ring)
Will    +....        (no ring)
Stlth   +++++        (no ring)
HPRegen 0.30/turn    (no ring)
MPRegen 0.18/turn    (no ring)
                     (no ring)

%: acrobat
@: studying Long Blades
A: almost no armour, amphibious, 8 rings, camouflage 1, gelatinous body 1,
(nimble swimmer 1), tentacles, tentacle spike 1, strong-willed 1, strong 1,
subdued magic 1
a: Renounce Religion, Channel Magic


You were on level 10 of the Dungeon.
You worshipped Sif Muna.
Sif Muna was aware of your devotion.
You visited 2 branches of the dungeon, and saw 11 of its levels.
You also visited: Ossuary.

You collected 431 gold pieces.
You spent 286 gold pieces at shops.

Inventory:

Hand Weapons
 B - a +2 dagger of venom (weapon)
Missiles
 E - a throwing net
Jewellery
 f - a ring of protection from fire (left tentacle)
 y - an amulet of the acrobat (around mantle)
 D - a ring of resist corrosion (right tentacle)
Wands
 g - a wand of light (20)
 j - a wand of iceblast (3)
 m - a wand of mindburst (8)
Scrolls
 c - 2 scrolls of enchant armour
 d - 2 scrolls of amnesia {unknown}
 e - 2 scrolls of enchant weapon
 h - 3 scrolls of vulnerability
 k - a scroll of fear {unknown}
 n - a scroll of torment
 p - a scroll of summoning
 q - 3 scrolls of magic mapping
 r - a scroll of immolation
 u - a scroll of teleportation
 v - 3 scrolls of blinking
 w - a scroll of fog
 x - a scroll of identify
Potions
 a - a potion of magic
 b - a potion of cancellation
 i - 2 potions of heal wounds
 l - 4 potions of curing
 o - a potion of flight
 s - 4 potions of haste
 t - 3 potions of attraction
 z - 5 potions of resistance {unknown}
 A - 2 potions of ambrosia
 C - a potion of brilliance {unknown}
 F - a potion of lignification


   Skills:
 - Level 2.0 Fighting
 - Level 2.0 Short Blades
 - Level 4.0 Dodging
 - Level 10.0 Stealth
 + Level 9.4 Spellcasting
 - Level 1.0 Translocations
 - Level 4.0 Transmutations
 - Level 8.0 Earth Magic


You had 20 spell levels left.
You knew the following spells:

 Your Spells              Type           Power      Damage    Failure   Level
a - Sandblast             Erth           56%        2d13      1%          1
c - Blink                 Tloc           18%        N/A       7%          2
p - Petrify               Tmut/Erth      23%        N/A       5%          4

Your spell library contained the following spells:

 Spells                   Type           Power      Damage    Failure   Level
 Beastly Appendage        Tmut           34%        N/A       1%          1
 Passwall                 Tmut/Erth      19%        N/A       1%          2
 Wereblood                Tmut           17%        N/A       1%          2
 Stone Arrow              Conj/Erth      34%        3d9       3%          3
 Lesser Beckoning         Tloc           18%        N/A       7%          2
 Momentum Strike          Conj/Tloc      14%        3d8       9%          2
 Spider Form              Tmut/Pois      12%        N/A       9%          3
 Ensorcelled Hibernation  Hex/Ice        12%        N/A       11%         2
 Swiftness                Air            6%         N/A       22%         3


Dungeon Overview and Level Annotations

Branches:
Dungeon (10/15)            Temple (1/1) D:7         Ossuary (visited)
   Lair: D:8-11         Orc: D:9-12

Altars:
Ashenzari
Cheibriados
Dithmenos
Elyvilon
Fedhas
Gozag
Hepliaklqana
Kikubaaqudgha
Makhleb
Okawaru
Qazlal
Ru
Sif Muna
Uskayaw
Vehumet
Wu Jian
Xom
Yredelemnul
Zin
The Shining One

Shops:
D:2 ?   D:4 (   D:6 ?   D:8 [*(=   D:9 :

Annotations:
D:4 1 runed translucent door, Madon's ghost, amateur DgGl
D:8 exclusion: 2 downstairs


Innate Abilities, Weirdness & Mutations

You cannot wear most types of armour.
You are amphibious.
You can wear up to eight rings at the same time.
Your skin changes colour to match your surroundings (Stealth+).
Your rubbery body absorbs attacks. (AC +1, EV +1)
((You are camouflaged when in or above water. (Stealth+)))
You have tentacles for arms and can constrict up to eight enemies at once.
One of your tentacles bears a spike.
You are strong-willed. (Will+)
Your muscles are strong. (Str +4, Int/Dex -1)
Your spells are a little easier to cast, but a little less powerful.


Message History

The centaur wields a +2 shortbow of freezing.
It is covered in frost.
The centaur shoots an arrow.
The arrow hits the two-headed ogre.
The arrow freezes the two-headed ogre.
The blast of sand hits the two-headed ogre!
The two-headed ogre is severely wounded.
Unknown command.
You catch the helpless two-headed ogre completely off-guard!
You impale the two-headed ogre!!
You kill the two-headed ogre!
Sif Muna accepts your kill. Something hits you.
Deactivating autopickup; reactivate with Ctrl-A.
The centaur shoots an arrow.
The arrow hits you! The arrow freezes you.
The centaur shoots an arrow.
The arrow hits you. The arrow freezes you.
Your Spellcasting skill increases to level 9!
As you read the scroll of teleportation, it crumbles to dust.
You feel strangely unstable. Something barely misses you.
The centaur shoots an arrow.
Something misses you. Something barely misses you.
Something completely misses you.
The centaur shoots an arrow.
The arrow completely misses you. Something misses you.
The centaur shoots an arrow.
Something completely misses you.
The centaur shoots an arrow.
The arrow barely misses you.
Your surroundings seem slightly different.
Found a potion of flight.
Found a stone staircase leading up.
You hit something. Something hits you! Something hits you.
You are too injured to fight recklessly!
Unknown command.
Aiming: Bolt of Light
Press: ? - help, Shift-Dir - straight line, f - centaur
Aim: a centaur, wielding a +2 shortbow of freezing (moderately wounded, blind, 83% to hit)
The bolt of light hits something!
The bolt of light hits the centaur!
The centaur is severely wounded.
Something hits you.
* * * LOW HITPOINT WARNING * * *
The centaur shoots an arrow.
The arrow hits you!
* * * LOW HITPOINT WARNING * * *
The arrow freezes you.
You die...

#..#
#.####..####
#..........#
....###..##.#
.. #..# # ..#
#c.# #
....###..##<###
......).{....).
....#..@....###
.. #.#.###.#
#...# .# ..._.#
# .......
####.#/# #...#
..!..


You could see a centaur (blind).

Vanquished Creatures
  A two-headed ogre (D:10)
  Pikel (D:6)
  A wyvern (D:9)
  6 yaks
  Edmund (D:6)
  2 sky beasts
  An ice beast (D:6)
  4 black bears
  An ogre (D:4)
  A centaur (D:7)
  2 lemures (D:6)
  A phantom (D:6)
  An elf zombie (Ossuary)
  2 bullfrogs
  3 scorpions
  2 wights (D:8)
  19 killer bees
  A howler monkey (D:8)
  3 centaur zombies (Ossuary)
  A human zombie (Ossuary)
  A gnoll bouda (D:7)
  6 hounds
  3 jellies
  2 orc priests
  A sleepcap (D:5)
  An iguana (D:6)
  Natasha (thrice) (D:3)
  3 orc wizards
  2 mummies (Ossuary)
  6 gnolls
  8 adders
  3 ufetubi
  An adder zombie (Ossuary)
  A worm (D:3)
  2 dart slugs
  22 orcs
  4 ball pythons
  6 endoplasms
  2 giant cockroaches
  6 goblins
  5 hobgoblins
  5 kobolds
  A quokka (D:5)
  7 bats
  2 frilled lizards
  A goblin zombie (Ossuary)
  8 hobgoblin zombies (Ossuary)
  2 jackal zombies (Ossuary)
  11 kobold zombies (Ossuary)
  7 orc zombies (Ossuary)
  2 rats
  2 rat zombies (Ossuary)
190 creatures vanquished.

Notes
Turn   | Place    | Note
-------+----------+-------------------------------------------
     0 | D:1      | Atelerd the Octopode Earth Elementalist began the quest for
                  | the Orb.
     0 | D:1      | Reached XP level 1. HP: 11/11 MP: 3/3
   169 | D:1      | Reached XP level 2. HP: 11/17 MP: 1/5
  1049 | D:2      | Reached XP level 3. HP: 21/21 MP: 3/6
  1089 | D:2      | Found an opulent altar of Gozag.
  1521 | D:2      | Reached XP level 4. HP: 18/27 MP: 4/8
  1876 | D:2      | Found Anwo's Magic Scroll Emporium.
  1879 | D:2      | Bought a scroll of noise for 10 gold pieces
  1879 | D:2      | Bought a scroll of identify for 20 gold pieces
  2219 | D:3      | Noticed Natasha
  2226 | D:3      | Killed Natasha
  2227 | D:3      | Reached XP level 5. HP: 12/31 MP: 6/9
  2633 | D:3      | Identified the +1 pair of boots of Onliaf {rC- MP+9 Dex+3
                  | Slay+5}
  2658 | D:3      | Noticed Natasha
  2665 | D:3      | Killed Natasha
  2836 | D:3      | Noticed Natasha
  2843 | D:3      | Killed Natasha
  2984 | D:4      | Found a runed translucent door.
  3151 | D:4      | Reached XP level 6. HP: 36/36 MP: 7/10
  3325 | D:2      | Bought a scroll of teleportation for 30 gold pieces
  3325 | D:2      | Bought a scroll of identify for 20 gold pieces
  3325 | D:2      | Bought 2 scrolls of identify for 40 gold pieces
  3336 | D:2      | Gained mutation: Your magical capacity is low. (-10% MP)
                  | [potion of mutation]
  3760 | D:4      | Found Juto's Antique Weapon Shoppe.
  3791 | D:4      | Reached skill level 5 in Earth Magic
  3791 | D:4      | Reached XP level 7. HP: 37/41 MP: 7/11
  3957 | D:4      | Reached skill level 3 in Stealth
  4028 | D:4      | Noticed Madon's ghost (amateur DgGl)
  4067 | D:5      | Entered Level 5 of the Dungeon
  4086 | D:5      | Learned a level 4 spell: Petrify
  4089 | D:5      | Learned a level 2 spell: Blink
  4264 | D:5      | Reached skill level 4 in Stealth
  4264 | D:5      | Reached skill level 1 in Translocations
  4319 | D:5      | Found an opulent altar of Gozag.
  4465 | D:5      | Found a sand-covered staircase.
  4471 | Ossuary  | Entered an ossuary
  4777 | Ossuary  | Reached XP level 8. HP: 33/46 MP: 1/13
  4973 | Ossuary  | Reached skill level 5 in Stealth
  5316 | D:5      | Reached skill level 5 in Spellcasting
  5720 | D:6      | Reached skill level 6 in Stealth
  5892 | D:6      | Noticed Edmund
  5906 | D:6      | Killed Edmund
  5907 | D:6      | Reached skill level 1 in Fighting
  5940 | D:6      | Found Lietro's Magic Scroll Shoppe.
  5960 | D:6      | Reached skill level 1 in Short Blades
  5965 | D:6      | Bought a scroll of blinking for 112 gold pieces
  5965 | D:6      | Bought a scroll of identify for 30 gold pieces
  6476 | D:6      | Noticed Pikel
  6499 | D:6      | Lost mutation: Your magical capacity is low. (-10% MP)
                  | [potion of mutation]
  6499 | D:6      | Gained mutation: You are strong-willed. (Will+) [potion of
                  | mutation]
  6499 | D:6      | Gained mutation: Your spells are a little easier to cast,
                  | but a little less powerful. [potion of mutation]
  6499 | D:6      | Gained mutation: One of your tentacles bears a spike.
                  | [potion of mutation]
  6499 | D:6      | Gained mutation: Your muscles are strong. (Str +4, Int/Dex
                  | -1) [potion of mutation]
  6598 | D:6      | Killed Pikel
  6599 | D:6      | Reached skill level 7 in Stealth
  6599 | D:6      | Reached XP level 9. HP: 54/54 MP: 10/18
  7431 | D:7      | Found a staircase to the Ecumenical Temple.
  7448 | Temple   | Entered the Ecumenical Temple
  7503 | Temple   | Became a worshipper of Sif Muna the Loreminder
  7807 | D:7      | Found a blossoming altar of Fedhas.
  7970 | D:7      | Reached skill level 8 in Stealth
  8194 | D:7      | Found a stormy altar of Qazlal.
  8689 | D:8      | Found Fuzaul's Jewellery Shoppe.
  8784 | D:8      | Found a sacrificial altar of Ru.
  8917 | D:8      | Found Haptawi's Weapon Shoppe.
  9076 | D:8      | Reached skill level 9 in Stealth
  9242 | D:8      | Reached XP level 10. HP: 52/60 MP: 9/20
  9533 | D:8      | Reached skill level 10 in Stealth
  9678 | D:8      | Found Fifigo's Antique Armour Emporium.
  9680 | D:8      | Found Gyad's Assorted Antiques.
  9949 | D:8      | Found a basalt altar of Yredelemnul.
 10096 | D:8      | Found a glowing golden altar of the Shining One.
 10098 | D:8      | Noticed an angel
 10685 | D:9      | Found Ihot's Book Shop.
 10700 | D:9      | Found a shimmering altar of Xom.
 11208 | D:8      | Bought a fuming clear potion for 24 gold pieces
 11339 | D:9      | Reached * piety under Sif Muna
 11430 | D:9      | Noticed a kobold demonologist
 11434 | D:10     | Entered Level 10 of the Dungeon
 11476 | D:10     | Found a white marble altar of Elyvilon.
 11476 | D:10     | Noticed a two-headed ogre
 11481 | D:10     | Killed a two-headed ogre
 11488 | D:10     | HP: 3/60 [centaur/arrow (15)]
 11488 | D:10     | Shot with an arrow by a centaur

Illustrated notes

Levels and vault maps discovered:
D:1:      dpeg_arrival_arbitrary_a, layout_basic
D:2:      layout_basic, serial_shops, nicolae_shop_rolled_up, basic_altar,
          minivault_11
D:3:      layout_loops_ring, dk_noncrumbling_4, minmay_misc_feat_x,
          grunt_decor_junction, uniq_natasha
D:4:      minmay_chambers_of_fours, layout_cave_pools, ebering_ghost_sewer_d,
          serial_shops, shop
D:5:      layout_rooms, grunt_gozag_breadcrumbs, enter_ossuary_1,
          serial_bayou_lagoon_a
D:6:      layout_gridville, serial_shops, shop, uniq_edmund, uniq_pikel
D:7:      layout_basic, grunt_temple_overflow_forces_of_nature,
          minmay_temple_entry_slanted, minmay_manual_mullet
D:8:      layout_basic, grunt_temple_overflow_holy_war,
          nicolae_ru_the_path_less_chosen, serial_shops,
          nicolae_shop_window_shopping, nicolae_shop_overgrown_old_shop, shop,
          shop
D:9:      layout_big_octagon, mainiacjoe_overflow_small_starburst,
          grunt_decor_resistance, nicolae_inconvenience_store
D:10:     layout_loops_ring, mainiacjoe_overflow_tiny_flanked,
          chequers_serial_rivers_marsh, minmay_misc_feat_rugged
Temple:   compressed_dpeg_circular_temple

Skill      XL: |  1  2  3  4  5  6  7  8  9 10 |
---------------+-------------------------------+-----
Transmutations | 2 3 4 |  4.0
Spellcasting   | 3 4 6 7 9 |  9.4
Earth Magic    | 4 5 6 8 |  8.0
Stealth        | 4 7 9 10 | 10.0
Dodging        | 3 4 |  4.0
Translocations | 1 |  1.0
Fighting       | 2 |  2.0
Short Blades   | 2 |  2.0

Action                     |  1- 3 |  4- 6 |  7- 9 | 10-12 || total
---------------------------+-------+-------+-------+-------++-------
  Melee: Unarmed           |    12 |       |       |       ||    12
         Tentacles         |     7 |     7 |    14 |     5 ||    33
         Constrict         |     8 |     6 |    11 |     1 ||    26
         Dagger            |    22 |    16 |    61 |    22 ||   121
         Punch             |     1 |       |       |     1 ||     2
         Kick              |       |       |     7 |     9 ||    16
   Cast: Sandblast         |    31 |    62 |   189 |    18 ||   300
         Petrify           |       |       |    28 |    28 ||    56
         Blink             |       |       |       |     3 ||     3
  Evoke: Wand              |       |       |       |     6 ||     6
    Use: Scroll            |       |    11 |     5 |     3 ||    19
         Potion            |       |     1 |     4 |       ||     5
   Stab: Sleeping          |     3 |     1 |     4 |       ||     8
         Petrified         |       |       |    30 |    14 ||    44
         Petrifying        |       |       |     1 |     1 ||     2
         Invisible         |       |       |       |     1 ||     1
 Armour: Skin              |     4 |     5 |    42 |     2 ||    53
  Dodge: Dodged            |    37 |    29 |   125 |    38 ||   229
